 Dungeon Crawl Stone Soup version 0.26-a0-394-g0b5ff556b1 (webtiles) character file.

Game seed: 3344028762839967624

242 Gargoyl the Skirmisher (level 6, -10/53 HPs)
             Began as a Gnoll Abyssal Knight on July 23, 2020.
             Was a Believer of Lugonu.
             Mangled by an ogre
             ... wielding a +0 giant club
              (31 damage)
             ... on level 4 of the Dungeon.
             The game lasted 00:03:50 (3378 turns).

Gargoyl the Skirmisher (Gnoll Abyssal Knight)       Turns: 3378, Time: 00:03:51

Health: -10/53     AC:  4    Str: 14    XL:     6   Next: 9%
Magic:  9/9        EV: 13    Int: 14    God:    Lugonu [**....]
Gold:   155        SH:  0    Dex: 17    Spells: 8/8 levels left

rFire    + . .     SeeInvis .   a - +1 hand axe
rCold    . . .     Faith    .   (no shield)
rNeg     . . .     Spirit   .   n - +1 robe {rF+}
rPois    +         Reflect  .   (no helmet)
rElec    .         Harm     .   (no cloak)
rCorr    .                      p - +0 pair of gloves
MR       .....                  (no boots)
Stlth    ++........             f - amulet of the acrobat
HPRegen  0.17/turn              e - ring of poison resistance
MPRegen  0.11/turn              (no ring)

@: no status effects
A: distributed training, fangs 1, strong nose
a: Depart the Abyss, Bend Space, Renounce Religion


You were on level 4 of the Dungeon.
You worshipped Lugonu.
Lugonu was pleased with you.
You visited 1 branch of the dungeon, and saw 5 of its levels.
You visited the Abyss 1 time.

You collected 155 gold pieces.

Inventory:

Hand Weapons
 a - a +1 hand axe (weapon)
 k - a +0 war axe
Missiles
 g - 6 javelins (quivered)
Armour
 n - a +1 robe of fire resistance (worn)
 p - a +0 pair of gloves (worn)
Jewellery
 e - a ring of poison resistance (left hand)
 f - an amulet of the acrobat (around neck)
Wands
 b - a wand of digging (8)
Scrolls
 c - 7 scrolls of identify
 j - a scroll of teleportation
Potions
 d - 3 potions of heal wounds
 h - 3 potions of curing {unknown}
 i - a potion of brilliance {unknown}
 l - a potion of lignification {unknown}
 m - a potion of magic {unknown}


   Skills:
 + Level 6.8 Fighting
 + Level 1.8 Short Blades
 + Level 1.8 Long Blades
 + Level 4.9 Axes
 + Level 1.8 Maces & Flails
 + Level 1.8 Polearms
 + Level 1.8 Staves
 + Level 1.8 Slings
 + Level 1.8 Bows
 + Level 1.8 Crossbows
 + Level 1.8 Throwing
 + Level 4.9 Armour
 + Level 3.1 Dodging
 + Level 1.8 Stealth
 + Level 1.8 Shields
 + Level 1.8 Unarmed Combat
 + Level 1.8 Spellcasting
 + Level 1.4 Conjurations
 + Level 1.4 Hexes
 + Level 1.4 Summonings
 + Level 1.4 Necromancy
 + Level 1.4 Translocations
 + Level 1.4 Transmutations
 + Level 1.4 Fire Magic
 + Level 1.4 Ice Magic
 + Level 1.4 Air Magic
 + Level 1.4 Earth Magic
 + Level 1.4 Poison Magic
 + Level 5.0 Invocations
 + Level 1.8 Evocations


You had 8 spell levels left.
You didn't know any spells.
Your spell library was empty.

Dungeon Overview and Level Annotations

Branches:
Dungeon (5/15)
 Temple: D:4-7

Altars:
Nemelex Xobeh
The Shining One


Innate Abilities, Weirdness & Mutations

Your experience applies equally to all skills.
You have very sharp teeth.
Your uncanny sense of smell can sniff out nearby items.


Message History

The ogre is moderately wounded.
The ogre misses you.
There is a stone staircase leading down, spattered with blood here.
Throwing (i - inventory)
g - 7 javelins (quivered)
Press: ? - help, Shift-Dir - straight line, f - ogre
Aim: an ogre, wielding a +0 giant club (moderately wounded)
You throw a javelin. The javelin pierces through the ogre.
The ogre is moderately wounded.
The ogre misses you.
You slash the ogre!
The ogre is severely wounded.
The ogre misses you.
You slash the ogre!
The ogre is almost dead.
The ogre closely misses you.
You hit the ogre.
The ogre is almost dead.
The ogre hits you with a +0 giant club!!
Ouch! That really hurt!
You die...

#...>........#
###.....)(......
#.........###..
#.#....#..# .
#.####.># #.# ##.#
#.# #.# #.# #O# #.#
#@# ♣♣♣♣####.#.#
#.# ...<.....#.#
#..
.#.#######.########
.#................#
.#.#######.######.#
.#########.######.#
..................#
##########.########


You could see an ogre.

Vanquished Creatures
  A scorpion (D:5)
  2 hounds (D:5)
  A worker ant (D:5)
  5 adders
  A shadow imp (D:5)
  2 worms (D:2)
  A dart slug (D:3)
  3 leopard geckos
  4 bats
  3 giant cockroaches
  4 goblins
  5 hobgoblins
  3 jackals (D:1)
  4 kobolds
  A quokka (D:5)
  2 ball pythons
  4 frilled lizards
  6 rats
52 creatures vanquished.

Notes
Turn   | Place    | Note
-------+----------+-------------------------------------------
     0 | Abyss:1  | Gargoyl the Gnoll Abyssal Knight began the quest for the
                  | Orb.
     0 | Abyss:1  | Reached XP level 1. HP: 23/23 MP: 3/3
    41 | Abyss:1  | Found a corrupted altar of Lugonu.
    75 | Abyss:1  | Noticed a komodo dragon
    82 | Abyss:1  | Noticed a large abomination
    90 | Abyss:1  | Noticed a small abomination
    96 | D:1      | Escaped the Abyss
   323 | D:1      | Reached * piety under Lugonu
   421 | D:1      | Reached XP level 2. HP: 29/29 MP: 5/5
  1062 | D:2      | Reached XP level 3. HP: 35/35 MP: 6/6
  1971 | D:2      | Found a faded altar of an unknown god.
  2124 | D:3      | Found a sparkling altar of Nemelex Xobeh.
  2131 | D:3      | Reached skill level 1 in Short Blades
  2131 | D:3      | Reached skill level 1 in Long Blades
  2131 | D:3      | Reached skill level 1 in Maces & Flails
  2131 | D:3      | Reached skill level 1 in Polearms
  2131 | D:3      | Reached skill level 1 in Staves
  2131 | D:3      | Reached skill level 1 in Slings
  2131 | D:3      | Reached skill level 1 in Bows
  2131 | D:3      | Reached skill level 1 in Crossbows
  2131 | D:3      | Reached skill level 1 in Throwing
  2131 | D:3      | Reached skill level 1 in Stealth
  2131 | D:3      | Reached skill level 1 in Shields
  2131 | D:3      | Reached skill level 1 in Unarmed Combat
  2131 | D:3      | Reached skill level 1 in Spellcasting
  2131 | D:3      | Reached skill level 1 in Evocations
  2141 | D:3      | Reached XP level 4. HP: 29/41 MP: 7/7
  2431 | D:3      | Reached ** piety under Lugonu
  2530 | D:3      | Reached skill level 1 in Conjurations
  2530 | D:3      | Reached skill level 1 in Hexes
  2530 | D:3      | Reached skill level 1 in Summonings
  2530 | D:3      | Reached skill level 1 in Necromancy
  2530 | D:3      | Reached skill level 1 in Translocations
  2530 | D:3      | Reached skill level 1 in Transmutations
  2530 | D:3      | Reached skill level 1 in Fire Magic
  2530 | D:3      | Reached skill level 1 in Ice Magic
  2530 | D:3      | Reached skill level 1 in Air Magic
  2530 | D:3      | Reached skill level 1 in Earth Magic
  2530 | D:3      | Reached skill level 1 in Poison Magic
  2859 | D:3      | Found a glowing golden altar of the Shining One.
  3026 | D:4      | Noticed an ogre
  3037 | D:5      | Entered Level 5 of the Dungeon
  3044 | D:5      | Reached XP level 5. HP: 26/47 MP: 8/8
  3088 | D:5      | Reached skill level 5 in Invocations
  3218 | D:5      | Reached XP level 6. HP: 30/53 MP: 9/9
  3378 | D:4      | Mangled by an ogre

Illustrated notes

Levels and vault maps discovered:
D:1:      minmay_arrival_diagonal_passages, layout_basic
D:2:      layout_loops_corners, chequers_ecumenical_altar_grove
D:3:      layout_rooms, overflow_temple_1_default, lemuel_doored_altar
D:4:      layout_basic, nicolae_qazlal_general_emergency, serial_shops,
          kennysheep_mini_moat
D:5:      layout_basic, nicolae_gozag_seed_capital, basic_altar

Skill      XL: |  1  2  3  4  5 |
---------------+----------------+-----
Short Blades   | 1 |  1.8
Long Blades    | 1 |  1.8
Maces & Flails | 1 |  1.8
Polearms       | 1 |  1.8
Staves         | 1 |  1.8
Slings         | 1 |  1.8
Bows           | 1 |  1.8
Crossbows      | 1 |  1.8
Throwing       | 1 |  1.8
Stealth        | 1 |  1.8
Shields        | 1 |  1.8
Unarmed Combat | 1 |  1.8
Spellcasting   | 1 |  1.8
Evocations     | 1 |  1.8
Conjurations   | 1 |  1.4
Hexes          | 1 |  1.4
Summonings     | 1 |  1.4
Necromancy     | 1 |  1.4
Translocations | 1 |  1.4
Transmutations | 1 |  1.4
Fire Magic     | 1 |  1.4
Ice Magic      | 1 |  1.4
Air Magic      | 1 |  1.4
Earth Magic    | 1 |  1.4
Poison Magic   | 1 |  1.4
Dodging        | 3 |  3.1
Invocations    | 5 |  5.0
Fighting       | |  6.8
Axes           | |  4.9
Armour         | |  4.9

Action                   |  1- 3 |  4- 6 || total
-------------------------+-------+-------++-------
Melee: Hand axe          |    84 |    88 ||   172
       Bite              |     7 |    11 ||    18
       Punch             |       |     3 ||     3
Throw: Javelin           |       |     7 ||     7
Invok: Depart the Abyss  |     1 |       ||     1
  Use: Scroll            |     8 |     2 ||    10
       Potion            |       |     2 ||     2
 Stab: Sleeping          |     3 |       ||     3
Armor: Leather armour    |    19 |       ||    19
       Robe              |       |    18 ||    18
Dodge: Dodged            |    50 |    99 ||   149

Table legend: (Time is in decaauts)
 A = Elapsed time spent in this place.
 B = Non-inter-level travel time spent in this place.
 C = Inter-level travel time spent in this place.
 D = Time resting spent in this place.
 E = Time spent auto-exploring this place.
 F = Levels seen in this place.
 G = Mean time per level.
                   A        B        C        D        E       F      G
               +--------+--------+--------+--------+--------+-----+--------+
         Total |   3392 |   3281 |    111 |    673 |   2011 |   6 |  565.3 |
       Dungeon |   3296 |   3185 |    111 |    673 |   1939 |   5 |  659.2 |
         Abyss |     96 |     96 |      0 |      0 |     72 |   1 |   96.0 |
               +--------+--------+--------+--------+--------+-----+--------+

Top non-repeatable levels by time:
     D:2: 1232 daAuts
     D:3: 816 daAuts
     D:1: 800 daAuts
     D:5: 332 daAuts
     D:4: 113 daAuts
 Abyss:1: 96 daAuts
